 Dungeon Crawl Stone Soup version 0.29-a0-813-g4a14ea37d6 (webtiles) character file.

Game seed: 14384001123649735360

177574 DuloT34 the Thaumaturge (level 17, -7/152 HPs)
             Began as a Demigod Air Elementalist on July 1, 2022.
             Killed from afar by a shock serpent (11 damage)
             ... with an electric aura
             ... on level 3 of the Snake Pit on July 4, 2022.
             The game lasted 03:05:06 (79243 turns).

DuloT34 the Thaumaturge (Demigod Air Elementalist) Turns: 79243, Time: 03:05:07

Health: -7/152     AC: 11    Str:  9    XL:     17   Next: 0%
Magic:  21/50      EV: 16    Int: 43    God:
Gold:   1549       SH: 14    Dex: 14    Spells: 7/45 levels left

rFire   . . .      SeeInvis .   W - +8 rapier of the World {freeze, rPois Will+}
rCold   . . .      Faith    .   k - +3 kite shield {reflect}
rNeg    . . .      Spirit   .   i - +2 robe of the Thinker {Archmagi}
rPois   +          Reflect  +   n - +1 hat
rElec   .          Harm     .   m - +2 cloak
rCorr   .          Rampage  .   (no gloves)
Will    ++...      Archmagi +   e - +2 pair of boots
Stlth   ++........              s - amulet of the acrobat
HPRegen 0.35/turn               b - +6 ring of intelligence
MPRegen 0.32/turn               G - ring of magical power

@: very slightly contaminated
A: high MP 1, forlorn, divine attributes
a: no special abilities


You were on level 3 of the Snake Pit.
You visited 5 branches of the dungeon, and saw 26 of its levels.

You collected 3479 gold pieces.
You spent 1930 gold pieces at shops.

Inventory:

Hand Weapons
 P - the +8 long sword "Ynirih" {venom, rF+ rC+}
   (You found it on level 1 of the Lair of Beasts)

   It poisons the flesh of those it strikes.
   rF:        It protects you from fire.
   rC:        It protects you from cold.
 W - the +8 rapier of the World (weapon) {freeze, rPois Will+}
   (You found it on level 6 of the Lair of Beasts)

   It freezes those it strikes, dealing additional cold damage.
   It can also slow down cold-blooded creatures.
   rPois:     It protects you from poison.
   Will:      It increases your willpower.
 X - the +6 whip of Superiority {drain, rF++ Int+2}
   (You found it on level 12 of the Dungeon)

   A truly terrible weapon, it drains the life of any living foe it strikes.
   Int:       It affects your intelligence (+2).
   rF:        It greatly protects you from fire.
Armour
 e - a +2 pair of boots (worn)
 i - the +2 robe of the Thinker (worn) {Archmagi}
   (You took it off a tengu conjurer on level 13 of the Dungeon)

   Archmagi:  It increases the power of your magical spells.
 k - a +3 kite shield of reflection (worn)
 m - a +2 cloak (worn)
 n - a +1 hat (worn)
 A - a +1 robe of willpower
 H - +0 steam dragon scales
 O - a +2 buckler
Jewellery
 b - a +6 ring of intelligence (left hand)
 d - a ring of poison resistance
 p - an amulet of magic regeneration
 s - an amulet of the acrobat (around neck)
 w - a ring of see invisible
 F - a ring of protection from cold
 G - a ring of magical power (right hand)
 S - an amulet of regeneration
 Y - a ring of resist corrosion
Wands
 a - a wand of polymorph (5)
 c - a wand of digging (9)
 j - a wand of iceblast (15)
 o - a wand of light (3)
 t - a wand of paralysis (38)
 D - a wand of flame (26)
Scrolls
 l - 3 scrolls of poison
 x - 4 scrolls of enchant weapon
 y - 5 scrolls of amnesia
 C - 4 scrolls of brand weapon
 I - 3 scrolls of teleportation
 L - 5 scrolls of fog
 Q - 3 scrolls of immolation
 V - 4 scrolls of identify
Potions
 f - 3 potions of berserk rage
 g - 6 potions of flight
 h - 9 potions of attraction
 q - a potion of heal wounds
 r - 5 potions of lignification
 v - 4 potions of cancellation {unknown}
 z - 4 potions of invisibility {unknown}
 B - 3 potions of haste
 E - 3 potions of resistance
 J - 6 potions of brilliance
 K - 6 potions of might
 N - 2 potions of ambrosia {unknown}
 R - 3 potions of mutation {unknown}
Miscellaneous
 U - a phial of floods
 Z - a tin of tremorstones (2/2)


   Skills:
 - Level 14.0 Fighting
 - Level 4.0 Long Blades
 - Level 5.0 Armour
 - Level 12.0 Dodging
 - Level 1.7 Stealth
 + Level 10.6 Shields
 + Level 14.6 Spellcasting
 - Level 7.0 Conjurations
 - Level 7.0 Air Magic
 - Level 10.0 Earth Magic
 - Level 1.5 Evocations


You had 7 spell levels left.
You knew the following spells:

 Your Spells              Type           Power      Damage    Failure   Level
a - Shock                 Conj/Air       100%       1d9       1%          1
b - Static Discharge      Conj/Air       95%        3-15/arc  1%          2
c - Airstrike             Air            47%        0-15+     1%          4
d - Stone Arrow           Conj/Erth      100%       3d13      1%          3
e - Swiftness             Air            95%        N/A       1%          3
f - Iskenderun's Mystic   Conj/Tloc      75%        2d15      4%          4
g - Blink                 Tloc           94%        N/A       3%          2
h - Iron Shot             Conj/Erth      51%        9d10      9%          6
i - Mephitic Cloud        Conj/Pois/Air  82%        N/A       1%          3
j - Borgnjor's Vile Clut  Necr/Erth      42%        N/A       7%          5
k - Fireball              Conj/Fire      37%        3d15      13%         5

Your spell library contained the following spells:

 Spells                   Type           Power      Damage    Failure   Level
 Summon Small Mammal      Summ           100%       N/A       1%          1
 Poisonous Vapours        Pois/Air       100%       N/A       1%          2
 Dazzling Flash           Conj/Hex       100%       N/A       1%          3
 Lee's Rapid Deconstruct  Erth           54%        3d26*     1%          5
 Animate Armour           Summ/Erth      100%       N/A       2%          4
 Petrify                  Tmut/Erth      84%        N/A       2%          4
 Iskenderun's Battlesphe  Conj           95%        2d14      3%          5
 Lightning Bolt           Conj/Air       47%        1d68      3%          5
 Fulminant Prism          Conj/Hex       37%        3d18      4%          4
 Summon Lightning Spire   Summ/Air       75%        N/A       4%          4
 Frozen Ramparts          Ice            94%        1d11      6%          3
 Portal Projectile        Hex/Tloc       94%        N/A       6%          3
 Tukima's Dance           Hex            47%        N/A       6%          3
 Ice Form                 Ice/Tmut       47%        N/A       19%         4
 Summon Ice Beast         Ice/Summ       47%        N/A       19%         4
 Statue Form              Tmut/Erth      56%        N/A       36%         6
 Alistair's Intoxication  Tmut/Pois      31%        N/A       47%         5
 Blade Hands              Tmut           23%        N/A       47%         5
 Manifold Assault         Tloc           47%        N/A       47%         5
 Metabolic Englaciation   Hex/Ice        23%        N/A       47%         5
 Starburst                Conj/Fire      37%        6d11      56%         6
 Eringya's Noxious Bog    Tmut/Pois      23%        N/A       96%         6
 Spellforged Servitor     Conj/Summ      37%        N/A       98%         7
 Storm Form               Tmut/Air       37%        N/A       98%         7
 Lehudib's Crystal Spear  Conj/Erth      51%        10d12     98%         8
 Ignition                 Fire           23%        3d8       100%        8


Dungeon Overview and Level Annotations

Branches:
Dungeon (13/15)            Temple (0/1) D:5            Lair (6/6) D:11
 Shoals (0/4) Lair:3        Snake (4/4) Lair:4          Orc (2/2) D:9
    Elf (1/3) Orc:2        Vaults (0/5) D:13
  Slime: Lair:5-6

Shops:
D:6 (   D:10 =   D:12 *   Orc:2 ([?(   Elf:1 ?   Snake:1 (   Snake:3 :=:

Annotations:
Lair:1 exclusion: oklob plant
Lair:3 3 runed translucent doors, matt's ghost, journeyman MiFi
Lair:5 exclusion: oklob plant
Elf:1 3 runed translucent doors, elite277's ghost, journeyman HuNe


Innate Abilities, Weirdness & Mutations

You have an increased reservoir of magic. (+10% MP)
You shall have no god before yourself.
Your divine heritage dramatically boosts your attributes as you level up.


Message History

Aim: a shock serpent (63% to hit)
You feel a surge of power!
The iron shot hits the shock serpent!!!
The shock serpent is almost dead.
The shock serpent's electric aura discharges violently, shocking you!
* * * LOW HITPOINT WARNING * * *
The zombie hands constrict the anaconda!
The zombie hands constrict the salamander!
You block the anaconda's attack. The anaconda constricts you.
* * * LOW HITPOINT WARNING * * *
The salamander struggles to escape constriction.
The shock serpent closely misses you.
Casting: Iron Shot (dangerous; 9% risk of failure)
Confirm with . or Enter, or press ? or * to list all spells.
Aiming: Fireball (dangerous; 13% risk of failure)
Press: ? - help, Shift-Dir - straight line, p - shock serpent
Okay, then.
Okay, then.
Casting: Fireball (dangerous; 13% risk of failure)
Confirm with . or Enter, or press ? or * to list all spells.
Aiming: Iron Shot (dangerous; 9% risk of failure)
Press: ? - help, Shift-Dir - straight line, f - anaconda, p - shock serpent
Aim: an anaconda (heavily wounded, constricting you, constricted by zombie hands, 100% to hit)
You feel a surge of power!
The iron shot hits the anaconda!!!
You kill the anaconda!
The zombie hands constrict the salamander!
The shock serpent shoots out a bolt of lightning at you!
The bolt of electricity hits you!
* * * LOW HITPOINT WARNING * * *
The salamander escapes!
The shock serpent barely misses you.
You have reached level 17!
Casting: Iron Shot (dangerous; 9% risk of failure)
Confirm with . or Enter, or press ? or * to list all spells.
Aiming: Stone Arrow (safe; 1% risk of failure)
Press: ? - help, Shift-Dir - straight line, f - shock serpent
Aim: a shock serpent (almost dead, 63% to hit)
You feel a surge of power!
The stone arrow hits the shock serpent!!
You kill the shock serpent!
The air sparks with electricity, shocking you!
You die...

.#.....(# #.................
........## #.................
..(#.....# ##.........##......
...#.....## ##........######....
..........####........## ##...
...[.[##.........).....######....
..)...##.................##......
..[.).............##.............
......#.[.......@#####...........
......[.........†N..###.......#..
....................# #..#...##..
.[....#####.#####...############.
[.#...#♣♣♣♣∩♣♣♣♣#....# ##
..[...#♣.......♣#....# ##
##)...#♣...⌠...♣#...## ##.
#....#♣.∩...∩.♣#..## ####..
#....#♣♣..∩..♣♣######### #..#..


You could see a salamander.

Vanquished Creatures
  Jorgrun (D:12)
  Asterion (Snake:3)
  Kirke (Elf:1)
  3 nagarajas
  The ghost of Armakuni the Devastator, a journeyman HuGl of Elyvilon (Orc:1)
  Snorg (Orc:1)
  2 fire dragons (Lair:6)
  2 deep elf death magi (Elf:1)
  A deep elf high priest (Elf:1)
  5 vault guards (D:13)
  An ice dragon (Lair:4)
  5 salamander tyrants
  4 hydras
  2 boulder beetles (Lair:6)
  13 anacondas
  A two-headed ogre (shapeshifter) (D:13)
  10 naga warriors
  10 death yaks
  4 two-headed ogres
  3 centaur warriors
  3 dancing weapons (Elf:1)
  7 deep elf knights (Elf:1)
  Nergalle (D:12)
  Sonja (Lair:6)
  11 naga sharpshooters
  3 salamander mystics
  10 shock serpents
  8 skeletal warriors
  Lodul (D:12)
  5 naga ritualists
  A swamp dragon (Lair:6)
  7 deep elf archers
  A lindwurm (Lair:4)
  15 deep elf pyromancers
  2 orc knights
  6 mana vipers
  7 deep elf zephyrmancers
  2 wolf spiders (Lair:6)
  3 orc sorcerers
  A cyclops (Orc:2)
  A manticore (D:13)
  2 ugly things
  8 elephants
  19 salamanders
  5 guardian serpents
  8 naga magi
  2 gargoyles (D:11)
  A torpor snail (Lair:2)
  50 black mambas
  An unseen horror (D:12)
  2 merfolk sirens (Lair:3)
  15 cane toads
  A kobold demonologist (D:9)
  13 komodo dragons
  15 rime drakes
  A tengu conjurer (D:13)
  7 trolls
  3 polar bears
  6 hornets
  A blink frog (shapeshifter) (D:13)
  18 blink frogs
  6 slime creatures
  A dream sheep (Lair:5)
  A water elemental (Elf:1)
  3 wraiths
  2 air elementals (Elf:1)
  13 wyverns
  6 basilisks
  A human (D:13)
  3 hogs (Elf:1)
  A vampire (D:6)
  50 yaks
  10 steam dragons
  4 vampire mosquitoes
  3 wargs
  32 nagas
  A redback (Lair:6)
  3 acid dragons (Lair:6)
  33 water moccasins
  An ice beast (D:5)
  A sky beast (D:6)
  Pargi (D:3)
  28 orc warriors
  4 black bears
  17 wolves
  22 ogres
  13 centaurs
  4 kobold brigands
  A phantom (D:4)
  22 bullfrogs
  Blork the orc (D:6)
  A gnoll sergeant (D:9)
  A necrophage (D:6)
  2 scorpions
  3 earth elementals (Elf:1)
  8 wights
  15 killer bees
  2 electric eels (Lair:5)
  8 howler monkeys
  A lava snake (Lair:6)
  3 hounds
  2 quasits (D:8)
  15 orc priests
  A gnoll bouda (D:7)
  2 jellies
  8 iguanas
  23 orc wizards
  11 hell rats
  6 adders
  17 gnolls
  4 river rats (Lair:1)
  2 shadow imps
  21 white imps
  2 ufetubi
  A dart slug (D:2)
  79 orcs
  5 endoplasms
  A giant cockroach (D:4)
  3 goblins
  4 hobgoblins
  3 jackals (D:2)
  20 kobolds
  2 quokkas
  6 ball pythons
  3 bats
  9 rats
927 creatures vanquished.

Vanquished Creatures (collateral kills)
  Saint Roka (Orc:2)
1 creature vanquished.

Vanquished Creatures (others)
  4 bushes
  48 fungi
  172 plants
  A withered plant (D:4)
225 creatures vanquished.

Grand Total: 1153 creatures vanquished

Notes
Turn   | Place    | Note
-------+----------+-------------------------------------------
     0 | D:1      | DuloT34 the Demigod Air Elementalist began the quest for
                  | the Orb.
     0 | D:1      | Reached XP level 1. HP: 14/14 MP: 5/5
   529 | D:1      | Got Plato's Grimoire of Summoning
   872 | D:1      | Reached XP level 2. HP: 20/20 MP: 6/8
   900 | D:1      | Learned a level 2 spell: Static Discharge
  2017 | D:2      | Reached XP level 3. HP: 24/26 MP: 5/10
  2671 | D:3      | Reached XP level 4. HP: 10/33 MP: 5/12
  2915 | D:3      | Learned a level 4 spell: Airstrike
  3491 | D:3      | Noticed Pargi
  3497 | D:3      | Killed Pargi
  3498 | D:3      | Reached skill level 1 in Fighting
  3498 | D:3      | Reached XP level 5. HP: 16/40 MP: 1/14
  4182 | D:4      | Reached skill level 1 in Armour
  4749 | D:4      | Reached XP level 6. HP: 41/50 MP: 1/15
  5114 | D:5      | Entered Level 5 of the Dungeon
  5390 | D:5      | Noticed a water moccasin
  5392 | D:5      | Killed a water moccasin
  5393 | D:5      | Reached XP level 7. HP: 57/57 MP: 3/16
  6023 | D:5      | Found a staircase to the Ecumenical Temple.
  6729 | D:6      | Noticed Blork the orc
  6732 | D:6      | Killed Blork the orc
  7029 | D:6      | Reached skill level 5 in Spellcasting
  7029 | D:6      | Reached skill level 5 in Air Magic
  7112 | D:6      | Reached XP level 8. HP: 64/64 MP: 11/19
  7265 | D:6      | Reached skill level 5 in Fighting
  8325 | D:6      | Found Fita Xiv's Firing Range.
  8458 | D:6      | Reached skill level 1 in Shields
  8948 | D:7      | Noticed a two-headed ogre
  9313 | D:7      | Killed a two-headed ogre
  9314 | D:7      | Reached skill level 5 in Shields
  9314 | D:7      | Reached XP level 9. HP: 79/79 MP: 0/20
  9327 | D:6      | Learned a level 3 spell: Stone Arrow
  9443 | D:7      | Reached skill level 1 in Conjurations
  9734 | D:7      | Noticed a red ugly thing
 10609 | D:7      | Noticed a two-headed ogre
 10617 | D:7      | Killed a two-headed ogre
 10754 | D:7      | Killed a white ugly thing
 10755 | D:7      | Reached skill level 5 in Armour
 10755 | D:7      | Reached XP level 10. HP: 45/88 MP: 1/21
 11610 | D:7      | Learned a level 3 spell: Swiftness
 11633 | D:7      | Learned a level 4 spell: Iskenderun's Mystic Blast
 12279 | D:8      | Learned a level 2 spell: Blink
 14041 | D:9      | Found a staircase to the Orcish Mines.
 15130 | D:10     | Entered Level 10 of the Dungeon
 16267 | D:10     | Found Kyumaso's Jewellery Shop.
 16496 | D:10     | Noticed a two-headed ogre
 16504 | D:10     | Killed a two-headed ogre
 16505 | D:10     | Reached XP level 11. HP: 36/99 MP: 10/25
 17153 | D:11     | Reached skill level 10 in Fighting
 17604 | D:11     | Noticed a two-headed ogre
 17608 | D:11     | Killed a two-headed ogre
 18059 | D:11     | Found a staircase to the Lair.
 18382 | Lair:1   | Entered Level 1 of the Lair of Beasts
 18383 | Lair:1   | Upgraded the game from 0.29-a0-757-g358383bc75 to
                  | 0.29-a0-775-g4d7333d4e2
 18837 | Lair:1   | Identified the +8 long sword "Ynirih" {venom, rF+ rC+}
 18883 | Lair:1   | Found a frozen archway.
 18911 | Lair:1   | Reached skill level 1 in Long Blades
 21089 | Lair:2   | Reached XP level 12. HP: 108/108 MP: 28/28
 21523 | Lair:2   | Reached skill level 5 in Dodging
 22870 | Lair:3   | Found a staircase to the Shoals.
 23176 | Lair:3   | Noticed an eight-headed hydra
 23180 | Lair:3   | Killed an eight-headed hydra
 23520 | Lair:3   | Noticed a six-headed hydra
 23528 | Lair:3   | Killed a six-headed hydra
 23726 | Lair:3   | Reached skill level 5 in Conjurations
 24026 | Lair:3   | Found a runed translucent gate.
 24026 | Lair:3   | Found a runed translucent gate.
 24026 | Lair:3   | Found a runed translucent gate.
 24026 | Lair:3   | Noticed matt's ghost (journeyman MiFi)
 24026 | Lair:3   | Noticed a 13-headed hydra
 24027 | Lair:3   | Noticed a 13-headed hydra
 24502 | Lair:4   | Found a dark tunnel.
 24771 | Lair:4   | Noticed a seven-headed hydra
 24776 | Lair:4   | Killed a seven-headed hydra
 25580 | Lair:4   | Found a staircase to the Snake Pit.
 25660 | Lair:4   | Noticed an ice dragon
 26065 | Lair:4   | Learned a level 4 spell: Petrify
 26071 | Lair:4   | Learned a level 5 spell: Lee's Rapid Deconstruction
 26687 | Lair:4   | Reached XP level 13. HP: 89/116 MP: 31/31
 28488 | Lair:5   | Reached skill level 10 in Spellcasting
 28745 | Lair:5   | Reached skill level 5 in Earth Magic
 29723 | Lair:6   | Entered Level 6 of the Lair of Beasts
 33165 | Lair:6   | Noticed Sonja
 33167 | Lair:6   | Killed Sonja
 33611 | Lair:5   | Reached XP level 14. HP: 64/127 MP: 18/32
 35250 | Lair:6   | Identified the +8 rapier of the World {freeze, rPois Will+}
 36798 | Lair:5   | Reached skill level 10 in Dodging
 39048 | Orc:1    | Entered Level 1 of the Orcish Mines
 40374 | Orc:1    | Found a runed translucent door.
 40389 | Orc:1    | Noticed Snorg
 40396 | Orc:1    | Killed Snorg
 41273 | Orc:1    | You fall into a shaft and drop 1 floor!
 41273 | Orc:2    | Entered Level 2 of the Orcish Mines
 41487 | Orc:1    | Noticed Armakuni's ghost (journeyman HuGl)
 41555 | Orc:1    | Killed Armakuni's ghost
 41696 | Orc:2    | Found a staircase to the Elven Halls.
 42643 | Orc:2    | Found Myntuino's Magic Scroll Boutique.
 42652 | Orc:2    | Bought a scroll of blinking for 135 gold pieces
 42652 | Orc:2    | Bought a scroll of summoning for 171 gold pieces
 42652 | Orc:2    | Bought a scroll of fear for 63 gold pieces
 43958 | Orc:2    | Noticed Saint Roka
 44849 | Orc:2    | Found Jerph's Antique Armour Emporium.
 44852 | Orc:2    | Found Nuh Duosugep's Antique Weapon Shoppe.
 44867 | Orc:2    | Bought a scorched scimitar for 261 gold pieces
 44867 | Orc:2    | Identified the +2 scimitar of Valour {freeze, rC- rN+ Int+3
                  | Dex+5} (You bought it in a shop on level 2 of the Orcish
                  | Mines)
 45213 | Orc:1    | Learned a level 5 spell: Borgnjor's Vile Clutch
 48544 | D:12     | Noticed Lodul
 48660 | D:12     | Identified the +6 whip of Superiority {drain, rF++ Int+2}
 48883 | D:12     | Noticed Nergalle
 48887 | D:12     | Killed Nergalle
 49002 | D:12     | Killed Lodul
 49168 | D:12     | Found Peaniahid's Elemental Accessories.
 49176 | D:12     | Bought a tin of tremorstones (2/2) for 720 gold pieces
 49199 | D:12     | Noticed Jorgrun
 49210 | D:12     | Killed Jorgrun
 49567 | Orc:2    | Found Quurphio's Antique Weapon Shoppe.
 49610 | Orc:2    | Killed Saint Roka
 49611 | Orc:2    | Reached skill level 1 in Evocations
 51586 | D:13     | Reached XP level 15. HP: 135/135 MP: 1/35
 53912 | D:13     | Reached skill level 10 in Earth Magic
 54564 | D:13     | Identified the +2 robe of the Thinker {Archmagi}
 55480 | D:13     | Found a gate to the Vaults.
 55806 | Elf:1    | Entered Level 1 of the Elven Halls
 57035 | Elf:1    | Found Vettun's Magic Scroll Boutique.
 57113 | Elf:1    | Noticed Kirke
 57334 | Elf:1    | Killed Kirke
 57955 | Elf:1    | Paralysed by an air elemental for 1 turns
 59036 | Elf:1    | Got the Handbook of the Twelve Knives
 59043 | Elf:1    | Learned a level 5 spell: Fireball
 59054 | Elf:1    | Found a runed translucent gate.
 59055 | Elf:1    | Found a runed translucent gate.
 59055 | Elf:1    | Found a runed translucent gate.
 59056 | Elf:1    | Noticed an acid blob
 59056 | Elf:1    | Noticed elite277's ghost (journeyman HuNe)
 59078 | Elf:1    | Paralysed by an air elemental for 1 turns
 59085 | Elf:1    | Paralysed by an air elemental for 1 turns
 59095 | Elf:1    | Paralysed by an air elemental for 1 turns
 59104 | Elf:1    | Paralysed by an air elemental for 1 turns
 59112 | Elf:1    | Paralysed by an air elemental for 1 turns
 59116 | Elf:1    | Paralysed by an air elemental for 1 turns
 59116 | Elf:1    | HP: 3/130 [air elemental/stunning burst (20)]
 59799 | Elf:1    | Bought a scroll of blinking for 82 gold pieces
 59799 | Elf:1    | Bought a scroll of identify for 22 gold pieces
 59799 | Elf:1    | Bought a scroll of identify for 22 gold pieces
 59799 | Elf:1    | Bought a scroll of identify for 22 gold pieces
 61546 | Snake:1  | Entered Level 1 of the Snake Pit
 61662 | Lair:4   | Learned a level 6 spell: Iron Shot
 62274 | Snake:1  | Found Zug Zuupite's Weapon Shoppe.
 65007 | Snake:1  | Upgraded the game from 0.29-a0-775-g4d7333d4e2 to
                  | 0.29-a0-813-g4a14ea37d6
 65650 | Snake:2  | Reached XP level 16. HP: 128/146 MP: 21/37
 69506 | Snake:3  | Noticed Asterion
 71103 | Snake:3  | Killed Asterion
 71365 | Snake:3  | Found Pumauhong's Book Emporium.
 71365 | Snake:3  | Found Wothasm's Jewellery Boutique.
 71366 | Snake:3  | Found Ruirol's Book Emporium.
 73137 | Snake:4  | Entered Level 4 of the Snake Pit
 73718 | Snake:4  | HP: 4/146 [salamander tyrant (12)]
 75356 | Snake:3  | Learned a level 3 spell: Mephitic Cloud
 76065 | Snake:4  | Reached skill level 10 in Shields
 76311 | Snake:3  | Bought a +6 ring of intelligence for 432 gold pieces
 79242 | Snake:3  | HP: 4/146 [shock serpent/bolt of electricity (12)]
 79243 | Snake:3  | Reached XP level 17. HP: 4/152 MP: 24/41
 79243 | Snake:3  | Killed from afar by a shock serpent

Illustrated notes

Levels and vault maps discovered:
D:1:      co_arrival_square_in_a_square_in_a_square, layout_loops_corners,
          shapermc_ecumenical_altar_rom_forum, st_stairs_10
D:2:      layout_loops_corners
D:3:      layout_loops_ring, hangedman_decor_push, uniq_pargi
D:4:      layout_loops_ring, kiku_gazebo_garden_becter, dk_rats_in_the_wall
D:5:      layout_basic, temple_fountains, kennysheep_nub
D:6:      layout_basic, nicolae_shop_firing_range, uniq_blork_the_orc
D:7:      layout_loops_cross, kennysheep_mini_moat, corexii_corridor_pit,
          hangedman_decor_points, minmay_misc_feat_iff, minmay_shattered_shrine
D:8:      layout_loops_ring, serial_demonic, serial_demonic_a, serial_demonic_f,
          serial_demonic_b, serial_demonic_b
D:9:      layout_basic, nicolae_overflow_squiral, orc_0_dummy
D:10:     layout_loops_cross, grunt_ministairs_10, nicolae_take_the_stairs
D:11:     layout_cave_pools, lair_entry_dummy
D:12:     layout_irregular_city, hangedman_abyss_or_decor_lesser_grid,
          nicolae_elemental_shop, uniq_jorgrun, uniq_nergalle, uniq_lodul
D:13:     layout_rooms, grunt_vaults_entry_fortified,
          nicolae_wu_jian_immortal_techniques
Lair:1:   layout_long_grid, portal_ice_cave_entry_imps, hangedman_tree_tricks,
          kennysheep_abandoned_house, grunt_megastairs_1
Lair:2:   layout_chaotic_city, bh_autumn_forest_stairs, serial_bayou_shore_b
Lair:3:   layout_hall_layers, elwin_shoals_entry_rooms,
          gammafunk_ghost_hydra_chop
Lair:4:   layout_roguey, guppyfry_snake_entry_island, enter_volcano_1,
          bobbens_ice_dragon_lair
Lair:5:   nzn_winding_woodlands_stair_trap [nzn_winding_woodlands_5x15_default,
          nzn_winding_woodlands_5x15_lazy_stream,
          nzn_winding_woodlands_5x15_default,
          nzn_winding_woodlands_15x15_eel_pit,
          nzn_winding_woodlands_5x15_pockets, nzn_winding_woodlands_5x15_zeroes,
          nzn_winding_woodlands_5x15_twine], layout_loops_ring,
          minmay_slime_entry_oklob_enclosed, gauntlet_entry_generic,
          serial_bayou_shore_a
Lair:6:   hangedman_lair_tendril_chambers, layout_gridlike,
          guppyfry_lair_end_dragon, basic_altar, st_stairs_9,
          bobbens_dragon_lair_wall, uniq_sonja
Snake:1:  layout_misc_corridors, serial_shops, nicolae_shop_bloodbath_and_beyond
Snake:2:  layout_onion, library_closet, nicolae_integral_box
Snake:3:  layout_grid_shapes, serial_bayou_pond_a, minmay_shop_grove,
          uniq_asterion
Snake:4:  grunt_snake_rune_pools, layout_misc_corridors
Orc:1:    layout_caves, gammafunk_ghost_grave, mines1_david, uniq_snorg
Orc:2:    grunt_orc_community_town_hall, layout_caves,
          grunt_orc_community_big_house_2, grunt_orc_community_big_house_2,
          grunt_orc_community_house_1, grunt_orc_community_house_1,
          grunt_orc_community_house_1, grunt_orc_community_house_2
Elf:1:    minmay_elf_arrival_circle, layout_loops_corners, serial_shops,
          nicolae_shop_waterfront, gammafunk_ghost_ooze, minivault_28,
          uniq_kirke

Skill      XL: |  1  2  3  4  5  6  7  8  9 10 11 12 13 14 15 16 |
---------------+-------------------------------------------------+-----
Spellcasting   | 2 3 4 5 7 8 9 10 11 12 14 | 14.6
Air Magic      | 3 4 5 6 7 |  7.0
Fighting       | 1 2 3 4 7 8 9 10 11 12 13 14 | 14.0
Armour         | 1 3 4 5 |  5.0
Shields        | 5 6 7 10 | 10.6
Conjurations   | 4 6 7 |  7.0
Earth Magic    | 4 7 9 10 | 10.0
Dodging        | 4 7 9 10 12 | 12.0
Long Blades    | 3 4 |  4.0
Evocations     | 1 |  1.5
Stealth        | |  1.7

Action                   |  1- 3 |  4- 6 |  7- 9 | 10-12 | 13-15 | 16-18 || total
-------------------------+-------+-------+-------+-------+-------+-------++-------
Melee: Short sword       |    38 |    32 |    91 |    89 |       |       ||   250
       Unarmed           |     1 |       |       |       |       |       ||     1
       Punch             |     1 |       |     3 |       |       |       ||     4
       Long sword        |       |       |       |   101 |   181 |       ||   282
 Cast: Shock             |    37 |    21 |    46 |    60 |     8 |       ||   172
       Static Discharge  |    12 |    25 |    22 |    71 |    30 |       ||   160
       Airstrike         |       |     8 |    68 |   260 |   608 |       ||   944
       Stone Arrow       |       |       |     3 |    58 |   352 |    98 ||   511
       Swiftness         |       |       |       |     2 |    20 |       ||    22
       Lee's Rapid Decon |       |       |       |     5 |    16 |       ||    21
       Petrify           |       |       |       |     2 |    23 |       ||    25
       Blink             |       |       |       |     2 |     6 |       ||     8
       Iskenderun's Myst |       |       |       |     1 |     1 |       ||     2
       Borgnjor's Vile C |       |       |       |       |    99 |   122 ||   221
       Iron Shot         |       |       |       |       |    27 |    74 ||   101
       Fireball          |       |       |       |       |    21 |    64 ||    85
Evoke: Wand              |       |       |       |     3 |     6 |     3 ||    12
       Phial of floods   |       |       |       |       |     3 |       ||     3
       Tin of tremorston |       |       |       |       |     2 |       ||     2
  Use: Scroll            |       |     3 |    12 |     8 |    22 |    10 ||    55
       Potion            |       |       |     1 |     3 |     7 |     7 ||    18
 Stab: Sleeping          |     2 |     1 |       |       |       |       ||     3
Armor: Robe              |    10 |     3 |       |       |    38 |    40 ||    91
       Troll leather arm |       |    15 |    43 |    17 |       |       ||    75
       Steam dragon scal |       |       |       |    77 |   122 |       ||   199
Dodge: Dodged            |    31 |    33 |    59 |   172 |   573 |    89 ||   957
Block: Buckler           |       |       |     2 |   139 |   260 |     3 ||   404
       Kite shield       |       |       |       |       |    10 |    96 ||   106
       Reflection        |       |       |       |       |     2 |    28 ||    30

Table legend: (Time is in decaauts)
 A = Elapsed time spent in this place.
 B = Non-inter-level travel time spent in this place.
 C = Inter-level travel time spent in this place.
 D = Time resting spent in this place.
 E = Time spent auto-exploring this place.
 F = Levels seen in this place.
 G = Mean time per level.
                   A        B        C        D        E       F      G
               +--------+--------+--------+--------+--------+-----+--------+
         Total |  79444 |  76601 |   2843 |  46473 |  22331 |  26 | 3055.5 |
       Dungeon |  27093 |  25875 |   1218 |  13117 |  10306 |  13 | 2084.1 |
          Lair |  22183 |  21323 |    860 |  11899 |   7171 |   6 | 3697.2 |
     Snake Pit |  16266 |  15734 |    532 |  12580 |   1551 |   4 | 4066.5 |
  Orcish Mines |   9697 |   9488 |    209 |   6090 |   2374 |   2 | 4848.5 |
   Elven Halls |   4203 |   4181 |     22 |   2787 |    928 |   1 | 4203.0 |
               +--------+--------+--------+--------+--------+-----+--------+

Top non-repeatable levels by time:
 Snake:3: 6294 daAuts
  Lair:6: 6125 daAuts
   Orc:2: 5394 daAuts
 Snake:2: 4666 daAuts
  Lair:4: 4468 daAuts
   Orc:1: 4302 daAuts
  Lair:5: 4258 daAuts
   Elf:1: 4203 daAuts
     D:9: 4178 daAuts
  Lair:3: 3395 daAuts
 Snake:1: 3355 daAuts
    D:12: 3007 daAuts
    D:13: 2973 daAuts
     D:6: 2962 daAuts
    D:11: 2658 daAuts
